← All builds
Tech / Armada / Economy first / OBSERVED BUILD

Standard tech

Armada Tech (Eco) build order · Supreme Isthmus

Rushes T2 by 4:15, gets Advanced Metal Extractor around 5:28, hands off T2 constructors to Geo and the team, then scales eco and supplies the team's T2 needs through the rest of the game.

Usually first T2 con to Geo (83%)

#eco #t2 #team support · 1593 distinct matches · 254 players · 60% of Armada Tech games · team won 54% of 1902 · Recently observed

HOW TO PLAY IT

Key timing: T2 factory by 4:15

  1. Open 3 mex and heavy wind to fund a fast T2 rush.
  2. Put down Bot Lab, planning to eat it for reclaim soon after.
  3. Get Advanced Bot Lab up, hitting the T2 factory rush timing.
  4. Upgrade mex to Advanced Metal Extractor to lock in team metal income.
  5. Eat Advanced Bot Lab and keep sending cons to Geo and Pond.

Phase by phase

TYPICAL OF ITS 1593 GAMES
  1. 1
  2. 2
  3. 3
  4. 4
PLAY THE OPENING

Follow the example game's first 6:00 step by step: what to build now, what comes next, and where it goes. At 1× it keeps pace with your own game.

  1. 1

    Up to the Bot Lab

    Economy
    • Metal Extractor3Mex
    • Wind Turbine4Wind
    Order
    1. Bot LabBot Lab after 3 mex, 4 winddone ~1:18, middle half 1:13–1:32

    Some games also: energy storage (31%)

    By 1:01 in all: 3 mex · 4 wind

    The example game in this phase · 5 steps
    1. Mex ×3
    2. Wind ×5
    3. Energy storage
    4. Wind ×2
    5. Bot LabBot Labdone 1:51 · typical 1:18
  2. 2

    Bot Lab to Advanced Bot Lab

    Economy
    • Metal Extractor1Mex
    • Wind Turbine8Wind
    • Energy Storage1Energy storage
    Order
    1. Advanced Bot LabAdvanced Bot Lab after 4 mex, 12 wind, 3 con turretdone ~4:16, middle half 4:04–4:30
    Builders
    • Construction Turret3 Con turret
    • Lazarus3 Lazarus
    • Construction Bot2 Con bot
    • Construction Bot1 Con bot for allies

    Some games also: converter (36%)

    By 3:19 in all: 4 mex · 12 wind · 1 energy storage · 3 con turret

    The example game in this phase · 9 steps
    1. Construction BotCon bot ×2
    2. Con turret
    3. LazarusLazarus
    4. Con turret
    5. Construction BotCon botfor Air
    6. Mex
    7. Converter
    8. Con turret
    9. Advanced Bot LabAdvanced Bot Labdone 4:02 · typical 4:16
  3. 3

    Advanced Bot Lab to 5:00

    Economy
    • Wind Turbine3Wind
    Order
    1. Bot LabEat Bot Lab
    Builders
    • Advanced Construction Bot1 T2 con bot for allies

    Some games also: converter (35%)

    By 5:00 in all: 4 mex · 15 wind · 1 converter · 1 energy storage · 3 con turret

    The example game in this phase · 10 steps
    1. LazarusLazarus
    2. Wind ×2
    3. Bot LabEat Bot Labreclaimed for its metal
    4. Wind ×2
    5. Advanced Construction BotT2 con botfor Geo
    6. Advanced Metal ExtractorT2 mexdone 4:42 · typical 5:29
    7. Wind
    8. SharpshooterSniper botfor Ponddone 5:06
    9. Advanced Metal ExtractorT2 mex
    10. Wind
  4. 4

    5:00 to 10:00

    Economy
    • Wind Turbine43Wind
    • Energy Converter6Converter
    Builders
    • Butler9 Butler
    • Advanced Construction Bot4 T2 con bot for allies
    • Advanced Construction Bot1 T2 con bot

    Some games also: con turret (43%) · Butler for allies (37%)

    By 10:00 in all: 4 mex · 58 wind · 8 converter · 1 energy storage · 3 con turret

    The example game in this phase · 161 steps
    1. Wind
    2. Advanced solar
    3. Wind ×8
    4. SharpshooterSniper botfor Pond
    5. Wind ×2
    6. Advanced Construction BotT2 con botfor Pond
    7. Wind ×4
    8. Advanced Metal ExtractorT2 mex
    9. Converter ×3
    10. ButlerButler
    11. Wind
    12. Converter
    13. Advanced Metal ExtractorT2 mex
    14. ButlerButler
    15. Wind
    16. Converter ×3
    17. Advanced Construction BotT2 con botfor Air
    18. Wind
    19. Advanced Construction BotT2 con botfor Geo sea
    20. Wind
    21. Advanced Construction BotT2 con botfor Beach sea
    22. Wind ×2
    23. Advanced Construction BotT2 con bot
    24. Wind ×2
    25. Advanced Construction BotT2 con bot
    26. Wind ×4
    27. ButlerButler
    28. Wind ×3
    29. ButlerButlerfor Geo sea
    30. T2 converter
    31. Wind ×2
    32. CitadelAnti-nukedone 11:25
    33. Wind
    34. ButlerButler
    35. Wind
    36. Converter
    37. Wind ×3
    38. ButlerButler
    39. Wind ×2
    40. Converter
    41. Wind
    42. ButlerButler
    43. Wind ×4
    44. ButlerButler
    45. Wind
    46. Converter
    47. Wind
    48. Fusion ReactorFusiondone 11:02
    49. Wind ×2
    50. Converter
    51. Wind ×4
    52. Converter
    53. Wind
    54. Con turret
    55. Wind
    56. Con turret
    57. Wind
    58. Converter
    59. Wind ×3
    60. Converter
    61. Wind
    62. Con turret
    63. Wind
    64. Con turret
    65. Converter
    66. Wind ×2
    67. Con turret
    68. Wind ×2
    69. Converter
    70. Con turret
    71. Wind
    72. Con turret
    73. Wind
    74. Converter
    75. Wind
    76. Advanced Bot LabEat Advanced Bot Labreclaimed for its metal
    77. Wind ×3
    78. Converter
    79. Wind
    80. Fusion ReactorFusion
    81. Converter
    82. Wind ×4
    83. Converter
    84. Wind ×3
    85. Converter
    86. TracerTracer
    87. Wind ×2
    88. T2 converter
    89. Wind
    90. Converter
    91. T2 converter
    92. Wind ×3
    93. Converter
    94. Wind ×2
    95. Converter
    96. T2 converter
    97. Wind ×2
    98. Metal storage
    99. Converter
    100. Wind ×4
    101. Converter
    102. Wind
    103. Con turret
    104. Wind
    105. Converter
    106. Con turret
    107. Converter
    108. Wind
    109. Con turret
    110. Wind
    111. Advanced Fusion ReactorAdvanced Fusion Reactordone 14:39
    112. Wind
    113. Con turret
    114. Converter ×2
    115. Con turret
    116. Wind
    117. Converter ×2
    118. Wind
    119. Con turret
    120. Wind ×2
    121. Converter ×2
    122. Wind ×2
    123. Con turret ×4
    124. Converter ×2
    125. Con turret
    126. Wind ×2
    127. Con turret
    128. T2 converter
    129. Wind
    130. Converter ×2
    131. Wind ×2
    132. Converter ×2
    133. Wind ×2
    134. Converter
    135. Wind
    136. Converter
    137. Wind
    138. Converter
    139. Wind
    140. Converter
    141. Wind ×2
    142. Converter ×2
    143. Experimental GantryExperimental Gantrynot finished by 15:00
    144. Wind ×3
    145. Converter
    146. T2 converter
    147. Converter
    148. Wind ×2
    149. Converter
    150. Wind
    151. Converter
    152. Wind ×2
    153. Converter
    154. Wind
    155. Converter
    156. Wind
    157. Converter
    158. Wind
    159. Converter
    160. Wind ×2
    161. Converter

Counts are medians over the build's games: half of them build more, half fewer. The example game is Sdragona's (34 OS, 28/09/2026); pick another.

Team trades

IN AT LEAST 30% OF ITS GAMES

You hand over

  • Construction Bot1 Con bot to Airfirst at 2:23 · in 84% of games
  • Advanced Construction Bot5 T2 con bot to Air or Pond or Geo seafirst at 4:50 · in 99% of games
  • Butler2 Butler to Geo sea or Beach sea or Pondfirst at 9:06 · in 42% of games

You get

  • Hercules1 Light transport from Airfirst at 4:01 · in 86% of games

How it plays out

Typical game of this build, running totals by minute

Metal produced

020k40k
0:005:0010:0015:00

metal

Enemy metal destroyed

050100150
0:005:0010:0015:00

metal

Own metal lost

050100150
0:005:0010:0015:00

metal

1902 games.

Show as table
ByMetal produced: This buildEnemy metal destroyed: This buildOwn metal lost: This build
1:0038300
2:0091500
3:00165200
4:00314300
5:00484800
6:00580100
7:00723000
8:00906400
9:001117800
10:001352000
11:001624200
12:001965200
13:002343000
14:0027286074
15:0031512108130
WHAT THE NUMBERS SAY

Standard Tech play barely fights at all early, instead pouring metal into T2 infrastructure and constructors for the team.

  • + Metal produced hits 31679 by 15:00, by far the highest of any role here.
  • + T2 factory reached in 97% of games by 4:15, fastest and most reliable T2 timing.
  • − Enemy metal destroyed stays at 0 through 10:00, no early offense at all.
  • − Own metal lost also near 0, showing total avoidance of combat risk.
THE EXAMPLE YOU ARE READING

Sdragona

33.9 OS · 28/09/2026

Open source match ↗

8 received units
3279 metal received · 342465 energy received

Allied construction assistance is unknown. Timings are observations, not a promise of solo reproducibility.

Typical milestones

Bot Lab1:18Middle 50%: 1:13–1:32 · n=1902
Advanced Bot Lab4:16Middle 50%: 4:04–4:30 · n=1895
Advanced Metal Extractor5:29Middle 50%: 5:05–5:59 · n=1898

Played most by

Amrissa96games of this buildTheGeneraI70games of this buildAdeus57games of this buildEl_Turco55games of this buildKOT_44games of this build